 Dungeon Sprint DCSS version 0.18.1-8-gdd0e5ea (webtiles) character file.

25 Hipnos the Grasshopper (level 2, -9/15 HPs)
             Began as a Spriggan Warper on May 21, 2016.
             Mangled by an ogre
             ... wielding a +0 giant club
              (24 damage)
             ... in the Dungeon (Sprint I: "Red Sonja").
             The game lasted 00:01:54 (73 turns).

Hipnos the Grasshopper (Spriggan Warper)              Turns: 73, Time: 00:01:55

Health: -9/15      AC:  2    Str:  7    XL:     2   Next: 82%
Magic:  5/7        EV: 19    Int: 14    God:
Gold:   0          SH:  0    Dex: 15    Spells: 3 memorised, 3 levels left

rFire  . . .     SeeInvis +     a - +0 short sword
rCold  . . .     Gourm    .     b - +0 robe
rNeg   . . .     Faith    .     (shield restricted)
rPois  .         Spirit   .     (helmet restricted)
rElec  .         Dismiss  .     (no cloak)
rCorr  .         Reflect  .     (gloves unavailable)
SustAt .         Harm     .     (boots unavailable)
MR     .....     NoTele   +     (no amulet)
Stlth  +++.......               (no ring)
                                (no ring)

@: very quick, not resistant to hostile enchantments, fairly stealthy
A: unfitting armour, see invisible, herbivore 3, speed 3, slow metabolism 2
a: no special abilities


You were in the Dungeon.
You were not hungry.

You visited 1 branch

Inventory:

Hand Weapons
 a - a +0 short sword (weapon)
Missiles
 e - 5 tomahawks of dispersal (quivered)
Armour
 b - a +0 robe (worn)
Scrolls
 d - 2 scrolls of blinking
Potions
 g - a potion of curing
 h - a potion of heal wounds
 i - a potion of haste
 j - 2 potions of magic
Books
 c - a book of Spatial Translocations

   Spells                             Type                      Level
   a - Apportation                    Translocation                1
   b - Blink                          Translocation                2
   c - Shroud of Golubria             Charms/Translocation         2
   d - Portal Projectile              Translocation                3
   e - Teleport Other                 Translocation                3
   f - Passage of Golubria            Translocation                4
Comestibles
 f - a bread ration


   Skills:
 + Level 2.1 Fighting
 + Level 2.8 Short Blades
 - Level 1.0 Throwing
 + Level 4.7 Dodging
 * Level 3.7 Stealth
 + Level 3.5 Spellcasting
 + Level 6.4 Translocations


You had 3 spell levels left.
You knew the following spells:

 Your Spells              Type           Power        Failure   Level  Hunger
a - Apportation           Tloc           ###.......   1%          1    #......
b - Blink                 Tloc           N/A          2%          2    ##.....
c - Shroud of Golubria    Chrm/Tloc      ##........   10%         2    ##.....


Dungeon Overview and Level Annotations

Branches:
Dungeon (1/1)

Altars:


Innate Abilities, Weirdness & Mutations

You are tiny and cannot use many weapons and most armour.
You have supernaturally acute eyesight.
You are a herbivore.
You cover ground extremely quickly.
You need consume almost no food.


Message History

Memorise Shroud of Golubria, consuming 2 spell levels and leaving 3?
You start memorising the spell.
You continue memorising. x2
You finish memorising.
Spell assigned to 'c'.
There is an open door, spattered with blood here.
Things that are here:
a dagger; a scale mail Cast which spell? (? or * to list) Space distorts slightly along a thin shroud covering your body.
You open the door.
An ogre comes into view. It is wielding a giant club.
There is an open door here.
The helpless ogre fails to defend itself.
You impale the ogre!!
The ogre is severely wounded.
The ogre closely misses you.
You closely miss the ogre.
The ogre is severely wounded.
The ogre hits you with a giant club!!
Ouch! That really hurt!
You die...

##########
#<.#..'@.#
#..)..#.O+
#..#####+#
#..# #..#
#..# #⌠⌠#
####


You could see an ogre.

Vanquished Creatures
  Ijyb (D)
1 creature vanquished.

Notes
Turn   | Place    | Note
--------------------------------------------------------------
     0 | D        | Hipnos the Spriggan Warper began the quest for the Orb.
     0 | D        | Reached XP level 1. HP: 10/10 MP: 5/5
     1 | D        | Noticed Ijyb
    13 | D        | Killed Ijyb
    13 | D        | Reached skill level 6 in Translocations
    13 | D        | Reached XP level 2. HP: 15/15 MP: 5/7
    61 | D        | Learned a level 2 spell: Blink
    64 | D        | Learned a level 2 spell: Shroud of Golubria
    69 | D        | Noticed an ogre
    73 | D        | Mangled by an ogre

Skill      XL: |  1 |
---------------+----+-----
Fighting       | 2 |  2.1
Dodging        | 4 |  4.7
Stealth        | 3 |  3.7
Spellcasting   | 3 |  3.5
Translocations | 6 |  6.4
Short Blades   | |  2.8
Throwing       | |  1.0

Action                   || total
-------------------------++-------
Melee: Short sword       ||    13
 Cast: Shroud of Golubri ||     1
  Use: Potion            ||     1
 Stab: Sleeping          ||     1
Armor: Robe              ||     1
Dodge: Dodged            ||     5
